 Dungeon Crawl Stone Soup version 0.30-a0-883-g5ad918d77d (webtiles) character file.

Game seed: 9521213058317343226

147 Firecrotchwizard the Chopper (level 5, -20/47 HPs)
             Began as a Hill Orc Monk on Mar 18, 2023.
             Killed from afar by a steam dragon (24 damage)
             ... with a ball of steam
             ... on level 4 of the Dungeon.
             The game lasted 00:05:31 (3004 turns).

Firecrotchwizard the Chopper (Hill Orc Monk)        Turns: 3004, Time: 00:05:32

Health: -20/47     AC:  5    Str: 16    XL:     5   Next: 29%
Magic:  5/5        EV: 11    Int: 10    God:
Gold:   259        SH:  0    Dex: 13    Spells: 4/4 levels left

rFire   . . .      SeeInvis .    e - +4 trident (heavy)
rCold   . . .      Faith    .    (no shield)
rNeg    . . .      Spirit   .    d - +0 ring mail
rPois   .          Reflect  .    (no helmet)
rElec   .          Rampage  .    (no cloak)
rCorr   .                        (no gloves)
Will    .....                    (no boots)
Stlth   +                        (no amulet)
HPRegen 0.27/turn                (no ring)
MPRegen 0.09/turn                (no ring)

@: no status effects
A: no striking features
a: no special abilities


You were on level 4 of the Dungeon.
You visited 1 branch of the dungeon, and saw 4 of its levels.

You collected 259 gold pieces.

Inventory:

Hand Weapons
 a - a +0 hand axe
 e - a +4 heavy trident (weapon)
   (You found it on level 1 of the Dungeon)
Armour
 b - a +0 robe
 d - a +0 ring mail (worn)
   (You found it on level 1 of the Dungeon)
 m - a +0 chain mail
   (You found it on level 1 of the Dungeon)
Jewellery
 f - a ring of fire {rF+, rC-}
   (You found it on level 4 of the Dungeon)
Wands
 j - a wand of polymorph (9)
   (You found it on level 4 of the Dungeon)
 p - a wand of roots (12)
   (You found it on level 4 of the Dungeon)
Scrolls
 c - a scroll of brand weapon
 g - 3 scrolls of identify {@r1}
 Y - a scroll of teleportation {@r3}
Potions
 h - a potion of berserk rage {unknown}
 i - a potion of degeneration {unknown}
 k - a potion of heal wounds {unknown}
 l - a potion of cancellation {unknown}
 n - a potion of brilliance {unknown}
 o - 4 potions of flight {unknown}
 q - a potion of mutation {unknown}
 r - a potion of magic {unknown}
 t - 3 potions of curing {unknown}
 G - a potion of ambrosia {!q}
 H - 3 potions of haste


   Skills:
 + Level 4.6 Fighting
 * Level 6.1 Axes
 + Level 2.4 Armour
 - Level 2.4 Dodging
 - Level 1.5 Stealth


You had 4 spell levels left.
You didn't know any spells.
Your spell library contained the following spells:

 Spells                   Type           Power      Damage    Failure   Level
 Apportation              Tloc           0%         N/A       56%         1
 Necrotise                Necr           0%         1d4       56%         1
 Summon Small Mammal      Summ           0%         N/A       56%         1


Dungeon Overview and Level Annotations

Branches:
Dungeon (4/15)
 Temple: D:4-7

Altars:
Nemelex Xobeh

Shops:
D:1 [


Message History

c - a scroll of brand weapon You now have 259 gold pieces (gained 5).
s - 3 stones (quivered)
Found a stone staircase leading down.
You see here the +0 robe of Valiance {-Tele +Inv Dex+3}.
o - 4 lumpy yellow potions (gained 2)
Found an escape hatch in the ceiling.
A goblin comes into view. It is wielding a +0 dagger.
The goblin shouts!
You throw a stone. The stone closely misses the goblin.
You reach to attack!
You barely miss the goblin. The goblin barely misses you.
You barely miss the goblin. The goblin barely misses you.
The goblin closely misses you.
You impale the goblin!!
You kill the goblin!
No target in view!
Things that are here:
a +0 dagger; a goblin corpse
j - a wand of polymorph (9);
i - a white potion
k - an amethyst potion
Found a stone staircase leading up.
There is a stone staircase leading up here.
There is a stone staircase leading up here.
Found a stone staircase leading down.
f - a ring of fire {rF+, rC-};
n - a blue potion
Found a sparkling altar of Nemelex Xobeh.
t - 2 brown potions (gained 1)
A giant cockroach comes into view.
You throw a stone. The stone hits the giant cockroach.
You throw a stone.
The stone barely misses the giant cockroach.
You closely miss the giant cockroach. The giant cockroach barely misses you.
The giant cockroach bites you but does no damage.
You hit the giant cockroach but do no damage.
The giant cockroach bites you but does no damage.
The giant cockroach bites you.
You take 1 damage, and have 46/47 hp.
You puncture the giant cockroach!
You kill the giant cockroach!
Health restored: 47 No target in view!
You see here a giant cockroach corpse.
A quokka comes into view.
A quokka is nearby!
You reach to attack!
You puncture the quokka!
You kill the quokka!
No target in view!
You see here a +1 dagger of flaming.
t - 3 brown potions (gained 1)
Found an escape hatch in the floor.
p - a wand of roots (12)
You see here a +0 long sword.
r - a smoky emerald potion A giant cockroach comes into view.
A giant cockroach is nearby!
You completely miss the giant cockroach.
The giant cockroach closely misses you. The giant cockroach bites you.
You take 1 damage, and have 46/47 hp.
You puncture the giant cockroach!
You kill the giant cockroach!
Health restored: 47 A steam dragon comes into view.
You start waiting.
A steam dragon is nearby!
You barely miss the steam dragon. The steam dragon bites you.
The steam dragon claws you but does no damage.
The steam dragon breathes steam at you. The ball of steam hits you!
You take 14 damage, and have 33/47 hp.
MASSIVE DAMAGE!!
The steam dragon barely misses you. The steam dragon claws you.
You take 2 damage, and have 31/47 hp.
You puncture the steam dragon! The steam dragon bites you.
The steam dragon claws you.
You take 4 damage, and have 27/47 hp.
The steam dragon misses you. The steam dragon claws you.
You take 2 damage, and have 25/47 hp.
You impale the steam dragon!! The steam dragon bites you!
The steam dragon barely misses you. The steam dragon closely misses you.
The steam dragon claws you but does no damage.
You take 8 damage, and have 17/47 hp.
You hit the steam dragon but do no damage.
The steam dragon closely misses you. The steam dragon claws you.
* * * LOW HITPOINT WARNING * * *
The steam dragon bites you but does no damage.
The steam dragon claws you.
* * * LOW HITPOINT WARNING * * *
You take 4 damage, and have 13/47 hp.
Unknown command.
You barely miss the steam dragon. The steam dragon breathes steam at you.
The ball of steam hits you!
* * * LOW HITPOINT WARNING * * *
You take 10 damage, and have 3/47 hp.
MASSIVE DAMAGE!!
Unknown command.
The steam dragon breathes steam at you. The ball of steam hits you!!
Ouch! That really hurt!
You die...

###........####
####.............##
#.................#
##.....§...........#
##.................#*
###.###.......§§§...#*
#..## ##......§§§...#
..## #.......§§..#*
.## ##.......@D##** ##
#........#...#*** #
############....#** ##
**#....##** .##
***,......#### ..##
**,,,,........# #..#
**,,,,,...##....
##.###
*,,,,,,,,,*###.. #...#
*,,,,,,,,,* ###


You could see a steam dragon (catching breath).

Vanquished Creatures
  A gnoll (D:1)
  8 adders
  A worm (D:4)
  2 dart slugs
  3 endoplasms
  5 giant cockroaches
  8 goblins
  4 hobgoblins
  A kobold (D:1)
  8 quokkas
  4 ball pythons
  6 bats
  5 frilled lizards
  3 rats
59 creatures vanquished.

Notes
Turn   | Place    | Note
-------+----------+-------------------------------------------
     0 | D:1      | Firecrotchwizard the Hill Orc Monk began the quest for the
                  | Orb.
     0 | D:1      | Reached XP level 1. HP: 19/19 MP: 1/1
   189 | D:1      | Reached XP level 2. HP: 9/27 MP: 2/2
   403 | D:1      | Reached skill level 1 in Armour
   476 | D:1      | Reached skill level 4 in Fighting
   480 | D:1      | Found Poshumi's Antique Armour Emporium.
   497 | D:1      | Reached XP level 3. HP: 33/33 MP: 3/3
   884 | D:2      | Reached skill level 5 in Axes
  1183 | D:2      | Reached XP level 4. HP: 32/40 MP: 4/4
  1659 | D:2      | Reached skill level 2 in Armour
  1967 | D:3      | Reached XP level 5. HP: 46/47 MP: 5/5
  2008 | D:3      | Reached skill level 6 in Axes
  2175 | D:3      | Found a faded altar of an unknown god.
  2499 | D:4      | Identified the +0 robe of Valiance {-Tele +Inv Dex+3}
  2689 | D:4      | Found a sparkling altar of Nemelex Xobeh.
  2992 | D:4      | Noticed a steam dragon
  3003 | D:4      | HP: 3/47 [steam dragon/ball of steam (10)]
  3004 | D:4      | Killed from afar by a steam dragon

Illustrated notes

Levels and vault maps discovered:
D:1:      sevenhm_arrival_forest_fort_small_5, layout_loops_ring, serial_shops,
          shop_statue
D:2:      layout_loops_ring
D:3:      layout_rooms, chequers_ecumenical_altar_twisty
D:4:      layout_cave_pods, nicolae_overflow_hidden_temple, minmay_starry_boxes,
          uniq_robin, uniq_ijyb

Skill      XL: |  1  2  3  4  5 |
---------------+----------------+-----
Armour         | 1 2 |  2.4
Fighting       | 4 |  4.6
Axes           | 5 6 |  6.1
Dodging        | |  2.4
Stealth        | |  1.5

Action                     |  1- 3 |  4- 6 || total
---------------------------+-------+-------++-------
  Melee: Trident           |    69 |   107 ||   176
  Throw: Stone             |     8 |    29 ||    37
    Use: Scroll            |       |     8 ||     8
   Stab: Sleeping          |     1 |       ||     1
         Distracted        |     1 |       ||     1
 Armour: Robe              |     5 |       ||     5
         Ring mail         |     7 |    34 ||    41
  Dodge: Dodged            |    39 |    67 ||   106

Table legend: (Time is in decaauts)
 A = Elapsed time spent in this place.
 B = Non-inter-level travel time spent in this place.
 C = Inter-level travel time spent in this place.
 D = Time resting spent in this place.
 E = Time spent auto-exploring this place.
 F = Levels seen in this place.
 G = Mean time per level.
                   A        B        C        D        E       F      G
               +--------+--------+--------+--------+--------+-----+--------+
         Total |   3052 |   2982 |     70 |    205 |   2282 |   4 |  763.0 |
       Dungeon |   3052 |   2982 |     70 |    205 |   2282 |   4 |  763.0 |
               +--------+--------+--------+--------+--------+-----+--------+

Top non-repeatable levels by time:
     D:2: 910 daAuts
     D:1: 873 daAuts
     D:3: 665 daAuts
     D:4: 602 daAuts

Table legend:
 A = Kills in this place as a percentage of kills in the entire game.
 B = Kills by you in this place as a percentage of kills by you in the entire game.
 C = Kills by friends in this place as a percentage of kills by friends in the entire game.
 D = Other kills in this place as a percentage of other kills in the entire game.
 E = Experience gained in this place as a percentage of experience gained in the entire game.
 F = Experience gained in this place divided by the number of levels of this place that you have seen.
                   A       B       C       D       E      F
               +-------+-------+-------+-------+-------+----------------------
         Total | 100.0 | 100.0 |   N/A |   N/A | 100.0 |  52.8
       Dungeon | 100.0 | 100.0 |   N/A |   N/A | 100.0 |  52.8
               +-------+-------+-------+-------+-------+----------------------
